 Dungeon Crawl Stone Soup version 0.31-a0-662-g684573625c (webtiles) character file.

Game seed: 12411743499570601066

1413357 nj0rd12 the Shatterer (level 27, 230/230 HPs)
             Began as a Gnoll Summoner on Aug 28, 2023.
             Was the Champion of Ashenzari.
             Escaped with the Orb
             ... and 3 runes on Sept 2, 2023!
             The game lasted 08:09:40 (97559 turns).

nj0rd12 the Shatterer (Gnoll Summoner)             Turns: 97559, Time: 08:09:40

Health: 230/230    AC: 17    Str: 13    XL:     27
Magic:  55/58      EV: 20    Int: 24    God:    Ashenzari [******]
Gold:   7649       SH: 17    Dex: 12    Spells: 8/70 levels left

rFire   + . .        A - +11 mace "Omniscient Desperation" {venom, +Blink rElec MP+9, Comp, Alch} (curse)
rCold   + + .        Q - +2 kite shield "Tethered Augurer" {rF+, Bglg, Comp} (curse)
rNeg    . . .        R - +0 steam dragon scales of Curses and Power {Comp, Self} (curse)
rPois   +            d - +1 helmet "Share My Unpleasantness" {Bglg, Dev} (curse)
rElec   +            F - scarf "Adversity of Ashenzari" {repulsion, Bglg, Melee} (curse)
rCorr   .            a - +1 pair of gloves "Cursed With Me" {infuse, Range, Comp} (curse)
SInv    +            l - +0 pair of boots of the Enigmatic Oblivion {Bglg, Cun} (curse)
Will    +++..        u - amulet "At What Cost Knowledge?" {Regen+, Fort, Comp} (curse)
Stlth   +++          Y - ring of Ashenzari's Negligence {Wiz, Self, Dev} (curse)
HPRegen 1.38/turn    s - ring of the Unyielding Gaze {Drain rPois rC++ Will+ Int+2, Comp, Bglg} (curse)
MPRegen 0.36/turn

%: repel missiles, clarity, wizardry (x1), infuse magic (1 MP)
@: studying 4 skills
A: fangs 1, strong nose, distributed training, clumsy 1, screaming 1, inability
to drink after injury 1, inability to read after injury 1, devolution 1
0: Orb of Zot
}: 3/15 runes: decaying, serpentine, silver
a: Renounce Religion, Evoke Blink, Shatter the Chains


You escaped.
You worshipped Ashenzari.
Ashenzari was exalted by your worship.
You visited 11 branches of the dungeon, and saw 49 of its levels.

You collected 10273 gold pieces.
You spent 2624 gold pieces at shops.

Inventory:

Hand Weapons
 h - the +3 flail of the Doomed Warrior {antimagic, Int+3}
   (You acquired it on level 1 of the Realm of Zot)

   Int+3:     It affects your intelligence (+3).
 A - the cursed +11 mace "Omniscient Desperation" (weapon) {venom, +Blink rElec MP+9, Comp, Alch}
   (You found it on level 3 of the Snake Pit)

   rElec:     It insulates you from electricity.
   MP+9:      It affects your magic capacity (+9).
   +Blink:    It lets you blink.
   It has a curse which improves the following skills: Companions: Summonings
   and Necromancy.
   Alchemy:   Poison Magic and Transmutations.
Armour
 a - the cursed +1 pair of gloves "Cursed With Me" (worn) {infuse, Range, Comp}
   (You found it on level 1 of the Elven Halls)

   It has a curse which improves the following skills: Ranged Combat: Ranged
   Weapons and Throwing.
   Companions: Summonings and Necromancy.
 d - the cursed +1 helmet "Share My Unpleasantness" (worn) {Bglg, Dev}
   (You found it on level 1 of the Dungeon)

   It has a curse which improves the following skills: Beguiling: Conjurations,
   Hexes and Translocations.
   Devices:   Evocations and Shapeshifting.
 l - the cursed +0 pair of boots of the Enigmatic Oblivion (worn) {Bglg, Cun}
   (You found it on level 2 of the Dungeon)

   It has a curse which improves the following skills: Beguiling: Conjurations,
   Hexes and Translocations.
   Cunning:   Dodging and Stealth.
 F - the cursed scarf "Adversity of Ashenzari" (worn) {repulsion, Bglg, Melee}
   (You found it on level 5 of the Dungeon)

   It has a curse which improves the following skills: Beguiling: Conjurations,
   Hexes and Translocations.
   Melee Combat: Short Blades, Long Blades, Axes, Maces & Flails, Polearms,
   Staves and Unarmed Combat.
 Q - the cursed +2 kite shield "Tethered Augurer" (worn) {rF+, Bglg, Comp}
   (You took it off a naga warrior on level 2 of the Snake Pit)

   It has a curse which improves the following skills: Beguiling: Conjurations,
   Hexes and Translocations.
   Companions: Summonings and Necromancy.
 R - the cursed +0 steam dragon scales of Curses and Power (worn) {Comp, Self}
   (You found it on level 9 of the Dungeon)

   It has a curse which improves the following skills: Companions: Summonings
   and Necromancy.
   Introspection: Fighting and Spellcasting.
Jewellery
 j - the dreamshard necklace {Acrobat *Dream}
   (You took it off a deep elf death mage on level 3 of the Elven Halls)

   [amulet of the acrobat]

   *Dream:    It absorbs a single lethal wound into itself, holding its wearer
   just short of death and releasing dream-creatures to guard them.
   Acrobat:   It increases your evasion while moving and waiting.
 m - the ring "Mobaloux" {Wiz Contam Int+5 Dex+2}
   (You took it off a rakshasa on level 2 of the Depths)

   [ring of wizardry]

   Wiz:       It improves your spell success rate.
   Int+5:     It affects your intelligence (+5).
   Dex+2:     It affects your dexterity (+2).
   Contam:    It causes magical contamination when unequipped.
 o - the ring "Pooteafa" {Will+ rCorr AC+4 Str+3 Stlth-}
   (You took it off a deep elf death mage on level 3 of the Elven Halls)

   [ring of protection]

   AC+4:      It affects your AC (+4).
   Str+3:     It affects your strength (+3).
   Will+:     It increases your willpower.
   rCorr:     It protects you from acid and corrosion.
   Stlth-:    It makes you less stealthy.
 s - the cursed ring of the Unyielding Gaze (right hand) {Drain rPois rC++ Will+ Int+2, Comp, Bglg}
   (You took it off a naga ritualist on level 3 of the Snake Pit)

   [ring of poison resistance]

   Int+2:     It affects your intelligence (+2).
   rC++:      It greatly protects you from cold.
   rPois:     It protects you from poison Will+: It increases your willpower.
   Drain:     It drains your maximum health when unequipped.
   It has a curse which improves the following skills: Companions: Summonings
   and Necromancy.
   Beguiling: Conjurations, Hexes and Translocations.
 u - the cursed amulet "At What Cost Knowledge?" (around neck) {Regen+, Fort, Comp}
   (You found it on level 5 of the Lair of Beasts)

   [amulet of regeneration]

   Regen+:    It increases your rate of health regeneration.
   It has a curse which improves the following skills: Fortitude: Armour and
   Shields.
   Companions: Summonings and Necromancy.
 x - the ring "Safyrov" {rPois rN+}
   (You took it off a naga ritualist on level 3 of the Snake Pit)

   [ring of positive energy]

   rPois:     It protects you from poison rN+: It protects you from negative
   energy.
 z - a ring of positive energy
 J - a ring of fire
 L - an amulet of magic regeneration
 Y - the cursed ring of Ashenzari's Negligence (left hand) {Wiz, Self, Dev}
   (You found it on level 1 of the Lair of Beasts)

   [ring of wizardry]

   Wiz:       It improves your spell success rate.
   It has a curse which improves the following skills: Introspection: Fighting
   and Spellcasting.
   Devices:   Evocations and Shapeshifting.
Wands
 f - a wand of mindburst (7)
 n - a wand of digging (10)
 C - a wand of paralysis (54)
 P - a wand of acid (71)
 S - a wand of polymorph (5)
 V - a wand of roots (76)
Scrolls
 c - 11 scrolls of teleportation
 i - 3 scrolls of blinking
 w - 8 scrolls of fog
 y - 5 scrolls of fear
 B - 2 scrolls of silence
 D - a scroll of revelation
 H - 5 scrolls of vulnerability
 M - 6 scrolls of poison
 O - 2 scrolls of butterflies
 W - a scroll of torment
 X - a scroll of amnesia
Potions
 b - 4 potions of magic
 e - a potion of mutation
 g - 13 potions of might
 k - 7 potions of brilliance
 p - 5 potions of haste
 q - 3 potions of ambrosia
 r - 15 potions of curing
 t - 3 potions of heal wounds
 G - 2 potions of berserk rage
 I - 5 potions of invisibility
 N - 2 potions of resistance
 T - 4 potions of enlightenment
 U - 3 potions of attraction
 Z - 4 potions of cancellation
Miscellaneous
 v - a lightning rod (4/4) (quivered)
 E - a phantom mirror
 K - a tin of tremorstones (2/2)


   Skills:
 + Level 18.4(21.7) Fighting
 + Level 18.4(20.6) Short Blades
 + Level 18.4(20.6) Long Blades
 + Level 18.4(20.6) Axes
 + Level 24.0(26.1) Maces & Flails
 + Level 18.4(20.6) Polearms
 + Level 18.4(20.6) Staves
 + Level 18.4(20.6) Ranged Weapons
 + Level 18.4(20.6) Throwing
 + Level 18.4(20.6) Armour
 + Level 18.9(21.1) Dodging
 + Level 23.8(25.9) Stealth
 + Level 18.4(20.6) Shields
 + Level 18.4(20.6) Unarmed Combat
 + Level 19.0(22.3) Spellcasting
 + Level 15.7(22.2) Conjurations
 + Level 15.7(22.2) Hexes
 + Level 19.7(26.9) Summonings
 + Level 15.7(23.1) Necromancy
 + Level 15.7(22.2) Translocations
 + Level 15.7(18.0) Transmutations
 + Level 15.7 Fire Magic
 + Level 18.6 Ice Magic
 + Level 15.7 Air Magic
 + Level 15.7 Earth Magic
 + Level 15.7(18.0) Poison Magic
 + Level 19.9 Invocations
 + Level 18.4(21.7) Evocations
 + Level 17.0(20.4) Shapeshifting


You had 8 spell levels left.
You knew the following spells:

 Your Spells              Type           Power      Damage    Failure   Level
a - Summon Horrible Thin  Summ           51%        N/A       1%          8
b - Dragon's Call         Summ           51%        N/A       1%          9
c - Call Canine Familiar  Summ           100%       N/A       0%          3
d - Summon Guardian Gole  Hex/Summ       98%        N/A       0%          3
e - Summon Lightning Spi  Summ/Air       92%        N/A       0%          4
f - Summon Cactus Giant   Summ           51%        N/A       0%          6
g - Fireball              Conj/Fire      43%        3d17      0%          5
h - Borgnjor's Vile Clut  Necr/Erth      44%        N/A       0%          5
i - Malign Gateway        Summ/Tloc      49%        N/A       1%          7
j - Flame Wave            Conj/Fire      87%        2d19      0%          4
k - Iskenderun's Mystic   Conj/Tloc      93%        2d18      0%          4
l - Passage of Golubria   Tloc           93%        N/A       0%          4

Your spell library contained the following spells:

 Spells                   Type           Power      Damage    Failure   Level
 Apportation              Tloc           100%       N/A       0%          1
 Foxfire                  Conj/Fire      100%       2x1d9     0%          1
 Magic Dart               Conj           100%       1d8       0%          1
 Necrotise                Necr           100%       1d9       0%          1
 Sandblast                Erth           100%       2d20      0%          1
 Slow                     Hex            100%       N/A       0%          1
 Summon Small Mammal      Summ           100%       N/A       0%          1
 Blink                    Tloc           100%       N/A       0%          2
 Call Imp                 Summ           100%       N/A       0%          2
 Cigotuvi's Dreadful Rot  Necr/Pois/Air  100%       N/A       0%          2
 Ensorcelled Hibernation  Hex/Ice        100%       N/A       0%          2
 Lesser Beckoning         Tloc           100%       N/A       0%          2
 Momentum Strike          Conj/Tloc      100%       3d10      0%          2
 Passwall                 Tmut/Erth      68%        N/A       0%          2
 Poisonous Vapours        Pois/Air       100%       N/A       0%          2
 Scorch                   Fire           100%       2d9       0%          2
 Searing Ray              Conj           100%       2d8       0%          2
 Sublimation of Blood     Necr           95%        N/A       0%          2
 Wereblood                Tmut           85%        N/A       0%          2
 Confusing Touch          Hex            93%        N/A       0%          3
 Frozen Ramparts          Ice            100%       1d16      0%          3
 Gell's Gravitas          Tloc           93%        N/A       0%          3
 Inner Flame              Hex/Fire       87%        N/A       0%          3
 Mephitic Cloud           Conj/Pois/Air  86%        N/A       0%          3
 Portal Projectile        Hex/Tloc       100%       N/A       0%          3
 Stone Arrow              Conj/Erth      100%       3d13      0%          3
 Swiftness                Air            80%        N/A       0%          3
 Teleport Other           Tloc           93%        N/A       0%          3
 Tukima's Dance           Hex            93%        N/A       0%          3
 Vampiric Draining        Necr           95%        2d12      0%          3
 Volatile Blastmotes      Fire/Tloc      100%       2d18      0%          3
 Animate Armour           Summ/Erth      100%       N/A       0%          4
 Animate Dead             Necr           95%        N/A       0%          4
 Cause Fear               Hex            46%        N/A       0%          4
 Fulminant Prism          Conj/Hex       46%        3d21      0%          4
 Leda's Liquefaction      Hex/Erth       43%        N/A       0%          4
 Manifold Assault         Tloc           93%        N/A       0%          4
 Olgreb's Toxic Radiance  Pois           85%        N/A       0%          4
 Petrify                  Tmut/Erth      82%        N/A       0%          4
 Vhi's Electric Charge    Tloc/Air       100%       N/A       0%          4
 Agony                    Necr           95%        N/A       0%          5
 Arcjolt                  Conj/Air       43%        1d53      0%          5
 Irradiate                Conj/Tmut      44%        3d26      0%          5
 Metabolic Englaciation   Hex/Ice        45%        N/A       0%          5
 Summon Forest            Summ/Tloc      49%        N/A       0%          5
 Summon Mana Viper        Hex/Summ       98%        N/A       0%          5
 Yara's Violent Unravell  Hex/Tmut       44%        3d17      0%          5
 Death Channel            Necr           47%        N/A       0%          6
 Alistair's Intoxication  Tmut/Pois      56%        N/A       1%          5
 Lee's Rapid Deconstruct  Erth           40%        3d20*     1%          5
 Dispersal                Tloc           46%        N/A       1%          6
 Eringya's Noxious Bog    Tmut/Pois      42%        4d6       1%          6
 Leda's Unmaking          Conj/Erth      43%        9d7       1%          6
 Simulacrum               Ice/Necr       45%        N/A       1%          6
 Starburst                Conj/Fire      43%        6d12      1%          6
 Enfeeble                 Hex            46%        N/A       1%          7
 Haunt                    Necr/Summ      49%        N/A       1%          7
 Ozocubu's Refrigeration  Ice            43%        4d17      1%          7
 Summon Hydra             Summ           51%        N/A       1%          7
 Borgnjor's Revivificati  Necr           47%        N/A       1%          8
 Discord                  Hex            46%        N/A       1%          8
 Ignition                 Fire           40%        3d12      9%          8
 Maxwell's Capacitive Co  Air            40%        ∞         9%          8
 Death's Door             Necr           47%        N/A       6%          9
 Polar Vortex             Ice            43%        12d5*     36%         9
 Shatter                  Erth           40%        3d31*     75%         9


Dungeon Overview and Level Annotations

Branches:
Dungeon (15/15)            Temple (1/1) D:4            Lair (5/5) D:10
  Swamp (4/4) Lair:2        Snake (4/4) Lair:2        Slime (0/5) Lair:5
    Orc (2/2) D:11            Elf (3/3) Orc:2        Vaults (5/5) D:13
  Crypt (1/3) Vaults:2     Depths (4/4) D:15            Zot (5/5) Depths:4

Altars:
Ashenzari
Cheibriados
Dithmenos
Elyvilon
Fedhas
Gozag
Hepliaklqana
Kikubaaqudgha
Makhleb
Nemelex Xobeh
Okawaru
Qazlal
Ru
Sif Muna
Trog
Uskayaw
Vehumet
Wu Jian
Xom
Yredelemnul
Zin
The Shining One
Jiyva

Shops:
D:3 (   D:5 :   D:9 **   D:11 (   Orc:2 [![:   Elf:1 ::=!   Elf:2 (   Elf:3 :
Snake:2 ?   Vaults:1 (   Vaults:2 ?   Vaults:3 (

Portals:
Hell: Depths:1 Depths:2 Depths:3 Depths:4
Abyss: Depths:3
Pandemonium: Depths:2
Ziggurat: Depths:3

Annotations:
D:5 1 runed translucent door, exclusion: downstairs, Crazy Yiuf
D:10 1 runed translucent door, MrCrawl's ghost, journeyman TeFE
Lair:2 exclusion: 2 skysharks
Elf:2 Roxanne
Vaults:1 1 runed translucent door, Fieg's ghost, veteran HuWn
Depths:4 3 runed translucent doors, Boysiah's ghost, adept DECA
Zot:2 1 runed translucent door, Icycared's ghost, master GrFi


Innate Abilities, Weirdness & Mutations

You have very sharp teeth.
Your uncanny sense of smell can sniff out nearby items.
Your experience applies equally to all skills.
You are clumsy. (Dex -2)
You occasionally shout uncontrollably at your foes.
You occasionally lose the ability to drink potions when taking damage.
You occasionally lose the ability to read scrolls when taking damage.
You have hidden genetic defects.


Message History

Sezojezi hits your golden dragon! Sezojezi freezes your golden dragon.
Your golden dragon completely misses Sezojezi.
Your golden dragon barely misses Sezojezi.
Your golden dragon tramples Sezojezi!
Sezojezi holds its ground!
A dragon arrives to answer your call! Sezojezi hits your golden dragon.
Sezojezi hits your golden dragon! Sezojezi burns your golden dragon.
Your golden dragon bites Sezojezi!!
Your golden dragon completely misses Sezojezi.
Your golden dragon tramples Sezojezi.
Sezojezi holds its ground!
Something barely misses your golden dragon.
Something hits your golden dragon!!
Your golden dragon is poisoned.
Your golden dragon breathes cold at Sezojezi.
The bolt of cold hits Sezojezi!
Sezojezi resists.
A dragon arrives to answer your call! Sezojezi hits your golden dragon.
Sezojezi hits your golden dragon!!
Your golden dragon resists with almost no effort.
Your golden dragon completely misses Sezojezi.
Your golden dragon barely misses Sezojezi.
Your golden dragon closely misses Sezojezi.
Your golden dragon bites Sezojezi!!
Your golden dragon closely misses Sezojezi.
Your golden dragon completely misses Sezojezi.
Something completely misses your golden dragon.
Something hits your golden dragon!!
Your golden dragon resists with almost no effort.
Unknown command.
You hear a shout!
Your quicksilver dragon disappears in a puff of smoke!
There is a stone staircase leading up here.
You climb upwards.
There is a stone staircase leading down here.
What level of the Dungeon? (default 1, ? - help)
The roar of the dragon horde subsides.
There is a stone staircase leading up here.
You climb upwards.
There is a stone staircase leading down here.
You can once more reach out to the dragon horde.
There is a staircase leading out of the dungeon here.
You have escaped!

#.#.......##########....##..#
#............................
####..........##.........##....#
#.............##.........###...#
#......##............##........#
#......##............##........#
#..............................#
#...†.......2..................#
#..)##.........@........##.....#
#...##........>.........##....>#
#..............................#
##.............................#
#.††..##............##........#
#.....##............##......###
####.........##.........#...#
#.........##.........#.###
#....................#.#


You could see a lorocyproca (invisible).

Vanquished Creatures
  Mennas (Depths:3)
  2 Killer Klowns (Zot:4)
  Vashnia (Snake:4)
  4 tentacled monstrosities
  A deep elf blademaster (Elf:3)
  3 Orb Guardians
  2 sphinxes
  2 death cobs
  A frost giant (D:15)
  3 nagarajas
  2 tengu reavers (Vaults:5)
  A draconian monk (Zot:3)
  A storm dragon (Zot:4)
  A deep elf sorcerer (Vaults:5)
  A vault warden (Vaults:4)
  2 iron dragons
  An orc warlord (D:11)
  2 ghost moths
  An ironbound preserver (Vaults:2)
  A draconian shifter (Zot:2)
  A spriggan defender (Depths:2)
  A very ugly thing (Vaults:5)
  A vampire knight (Vaults:2)
  A deep elf demonologist (Vaults:5)
  A formless jellyfish (Vaults:2)
  A stone giant (D:15)
  2 green draconians
  A war gargoyle (Vaults:5)
  4 black draconians
  An ironbound thunderhulk (Vaults:3)
  2 red draconians
  An eleionoma (Swamp:2)
  2 white draconians
  5 spark wasps
  A dire elephant (Vaults:1)
  4 purple draconians
  2 bunyips
  A yellow draconian (Zot:5)
  An eidolon (Crypt:1)
  2 ettins
  A crystal guardian (Vaults:3)
  2 jiangshi (Crypt:1)
  An entropy weaver (Vaults:4)
  6 yaktaur captains
  4 fire dragons
  6 vault guards
  A peacekeeper (Vaults:3)
  A great orb of eyes (Vaults:2)
  3 ice dragons
  2 ironbound frosthearts
  An ogre mage (Vaults:5)
  6 hydras
  4 alligators
  A spriggan air mage (Depths:3)
  2 anacondas
  3 two-headed ogres
  A tengu warrior (Depths:1)
  4 dancing weapons
  2 deep troll earth magi
  A vampire mage (Vaults:2)
  A shock serpent (Snake:3)
  4 naga warriors
  An orc high priest (Orc:1)
  A hell knight (Depths:4)
  A spriggan berserker (Depths:4)
  7 naga sharpshooters
  3 deep elf knights
  3 soul eaters (Depths:1)
  2 sun demons
  3 iron trolls
  A skyshark (Depths:3)
  A goliath frog (Swamp:4)
  A quicksilver dragon simulacrum (Depths:2)
  A salamander mystic (Snake:4)
  2 bog bodies (Swamp:4)
  8 naga ritualists
  3 glowing orange brains
  6 ironbound convokers
  2 deep elf archers
  2 phantasmal warriors (Vaults:5)
  A spriggan simulacrum (Depths:2)
  2 swamp dragons
  A wizard (Vaults:1)
  4 orc knights
  A necromancer (Vaults:5)
  6 deep elf zephyrmancers
  10 deep trolls
  10 mana vipers
  A cyclops (D:12)
  8 deep elf pyromancers
  An orc sorcerer (Orc:2)
  A frost giant zombie (Depths:2)
  6 salamanders
  12 moths of wrath
  2 elephants (Lair:5)
  9 nameless horrors
  7 vault sentinels
  3 guardian serpents (Snake:4)
  20 black mambas
  A rust devil (Depths:2)
  5 naga magi (Snake:4)
  2 centaur skeletons (D:13)
  7 cane toads
  2 kobold demonologists
  8 yaktaurs
  6 komodo dragons
  A tengu conjurer (D:15)
  An efreet (D:15)
  A polar bear (Lair:3)
  2 tyrant leeches
  A catoblepas skeleton (Crypt:1)
  3 hornets
  3 blink frogs
  Prince Ribbit (D:9)
  A dream sheep (Lair:2)
  8 slime creatures
  3 spriggans
  2 air elementals
  A wraith (Vaults:2)
  2 water elementals (Depths:2)
  14 yaks
  3 fire elementals (Zot:4)
  A basilisk (D:14)
  4 wyverns
  A slime creature zombie (Crypt:1)
  A steam dragon (D:9)
  2 vampire mosquitoes (Lair:5)
  17 nagas
  3 wargs (Orc:2)
  4 swamp worms
  An acid dragon (D:10)
  13 water moccasins
  A swamp drake (Swamp:4)
  An ice beast (shapeshifter) (Vaults:5)
  16 orc warriors
  2 black bears
  2 ogres
  12 bullfrogs
  A wight (D:10)
  2 killer bees
  3 howler monkeys
  An electric eel (Lair:5)
  5 orc priests
  A hound (D:10)
  A sleepcap (D:5)
  7 orc wizards
  An adder (D:4)
  7 gnolls
  52 orcs
  A ball python (D:2)
  An endoplasm (D:4)
  2 goblins
  A frilled lizard (D:2)
  4 kobolds
  A rat (D:3)
  9 butterflies
537 creatures vanquished.

Vanquished Creatures (collateral kills)
  A pandemonium lord (Zot:1)
  2 dread liches
  5 orbs of fire
  An ancient lich (Vaults:5)
  A shard shrike (Zot:2)
  2 curse toes (Zot:5)
  5 Killer Klowns
  Nikola (Swamp:4)
  16 golden dragons
  the Enchantress (Depths:3)
  A bone dragon (Depths:4)
  Norris (Depths:3)
  3 electric golems
  2 doom hounds (Zot:3)
  A walking crystal tome (Depths:3)
  10 tentacled monstrosities
  Grunn (Zot:3)
  Rupert (Lair:3)
  A walking frostbound tome (Depths:3)
  22 Orb Guardians
  2 titans (Vaults:5)
  A deep elf blademaster (Elf:2)
  4 sphinxes
  2 liches (Vaults:5)
  10 quicksilver dragons
  Frances (Swamp:2)
  5 death cobs
  An eldritch tentacle (Swamp:2)
  Donald (Vaults:4)
  12 storm dragons
  11 shadow dragons
  Kirke (Swamp:2)
  3 tengu reavers (Vaults:5)
  A thorn hunter (Swamp:4)
  6 nagarajas
  4 draconian monks
  2 fenstrider witches (Swamp:4)
  A fenstrider witch (shapeshifter) (Vaults:5)
  2 draconian knights
  6 frost giants
  7 fire giants
  A fire giant (shapeshifter) (Vaults:5)
  10 vault wardens
  9 deep elf sorcerers
  7 draconian scorchers
  3 deep elf elementalists
  A ghost moth (Zot:1)
  An iron dragon (Depths:3)
  4 draconian shifters
  4 orc warlords
  A juggernaut zombie (Depths:2)
  17 ironbound preservers
  24 very ugly things
  9 draconian annihilators
  4 spriggan defenders
  16 green draconians
  2 war gargoyles (Vaults:5)
  2 formless jellyfish
  7 stone giants
  6 ironbound thunderhulks
  2 eleionomae
  A bunyip (shapeshifter) (Elf:2)
  6 deep elf demonologists
  9 black draconians
  5 dire elephants
  2 vampire knights
  5 deep elf annihilators
  6 purple draconians
  A bunyip (Swamp:2)
  20 red draconians
  12 yellow draconians
  15 white draconians
  Snorg (D:12)
  5 ettins
  An iron golem (Depths:2)
  2 eidola (Crypt:1)
  8 deep elf death magi
  5 fire dragons
  Josephine (D:10)
  2 blizzard demons
  8 deep elf high priests (Elf:3)
  2 jiangshi (Depths:2)
  2 shambling mangroves
  13 hydras
  7 yaktaur captains
  3 rakshasas
  4 great orbs of eyes
  An entropy weaver (Vaults:5)
  8 ice dragons
  3 hell beasts
  3 salamander tyrants
  4 boulder beetles
  26 vault guards
  2 ghost crabs
  2 ogre magi
  2 spriggan air magi
  8 ironbound frosthearts
  3 centaur warriors
  2 alligators
  22 dancing weapons
  12 naga warriors
  6 anacondas
  2 death knights
  2 deep troll shamans
  2 deep troll earth magi
  10 naga sharpshooters
  5 tengu warriors
  9 two-headed ogres
  2 vampire magi
  3 hell hogs (Depths:1)
  5 spriggan berserkers
  Sonja (D:11)
  A demonic crawler (D:12)
  4 soul eaters
  2 sun demons
  3 shock serpents
  16 deep elf knights
  15 hell knights
  An iron troll (Depths:2)
  4 salamander mystics
  6 skysharks
  4 goliath frogs
  21 deep trolls
  A spriggan druid (Swamp:3)
  8 swamp dragons
  3 glowing orange brains
  8 ironbound convokers
  2 flayed ghosts
  A death drake (Swamp:3)
  2 orb spiders (shapeshifter) (Vaults:5)
  4 bog bodies
  4 wizards
  10 naga ritualists
  A lindwurm (Vaults:1)
  8 deep elf archers
  20 deep elf zephyrmancers
  A phantasmal warrior (Vaults:5)
  16 orc knights
  6 necromancers
  9 mana vipers
  4 steelbarb worms (Swamp:1)
  18 deep elf pyromancers
  18 ugly things
  2 orc sorcerers
  19 salamanders
  A wolf spider (Vaults:5)
  A manticore (shapeshifter) (Depths:2)
  2 manticores (D:13)
  4 will-o-the-wisps
  3 cyclopes
  15 moths of wrath
  9 guardian serpents
  8 naga magi
  A black mamba (shapeshifter) (D:13)
  31 black mambas
  7 elephants
  A frost giant skeleton (Depths:2)
  A gargoyle (D:11)
  14 cane toads
  2 orange demons
  2 torpor snails
  9 vault sentinels
  3 unseen horrors
  Maggie (Lair:1)
  An efreet (Zot:4)
  A tormentor (D:15)
  A kobold demonologist (D:12)
  7 komodo dragons
  A centaur skeleton (D:13)
  3 freezing wraiths
  28 yaktaurs
  A yaktaur (shapeshifter) (D:15)
  A rime drake (Lair:1)
  15 tyrant leeches
  A tengu conjurer (Depths:4)
  A meliai (shapeshifter) (Vaults:5)
  5 trolls
  A hellwing (Zot:1)
  A nameless horror (Elf:2)
  7 hornets
  17 blink frogs
  A dream sheep (Lair:2)
  2 air elementals (Elf:1)
  4 spriggans
  A water elemental (Depths:1)
  34 slime creatures
  2 wyverns
  51 yaks
  6 wraiths
  5 basilisks
  17 fire elementals
  4 hogs (Swamp:2)
  A human (shapeshifter) (Vaults:5)
  A redback (Vaults:4)
  2 steam dragons
  10 vampire mosquitoes
  4 wargs
  18 swamp worms
  30 nagas
  6 acid dragons
  14 water moccasins
  43 orc warriors
  3 swamp drakes
  An ice beast (D:5)
  2 black bears (D:10)
  A sky beast (D:6)
  4 centaurs
  7 ogres
  6 wolves
  A spectral basilisk (Lair:2)
  8 kobold brigands
  8 bullfrogs
  2 gnoll sergeants
  An earth elemental (Elf:3)
  A scorpion (D:6)
  8 wights
  9 killer bees
  4 howler monkeys
  2 jellies
  A lava snake (D:9)
  3 hounds
  2 gnoll boudas
  15 orc priests
  25 orc wizards
  2 iguanas
  A boggart skeleton (D:13)
  20 gnolls
  An adder (shapeshifter) (Vaults:5)
  6 adders
  2 shadow imps
  A white imp (D:5)
  3 dart slugs
  90 orcs
  5 bats
  An endoplasm (D:1)
  4 giant cockroaches
  2 goblins (D:2)
  7 hobgoblins
  5 jackals (D:2)
  23 kobolds
  A quokka (D:3)
  5 ball pythons
  A frilled lizard (D:2)
  5 rats
  10 butterflies
1596 creatures vanquished.

Vanquished Creatures (others)
  45 eldritch tentacles
  A fire giant (Vaults:5)
  A draconian knight (Zot:2)
  A draconian stormcaller (Zot:2)
  A very ugly thing (Zot:2)
  A spriggan air mage (Swamp:4)
  A two-headed ogre (D:8)
  An anaconda (Snake:4)
  2 deep elf knights
  Lodul (D:10)
  A skeletal warrior (D:13)
  2 naga ritualists
  3 deep elf zephyrmancers
  A will-o-the-wisp (Swamp:4)
  An elephant (Lair:5)
  A black mamba (Lair:5)
  Jeremiah (D:9)
  2 bloated husks
  A troll (D:9)
  A tarantella (shapeshifter) (D:13)
  Sigmund (D:3)
  A human (Swamp:2)
  A naga (Snake:2)
  A water moccasin (Swamp:4)
  A swamp drake (Swamp:4)
  2 ogres
  A gnoll sergeant (D:5)
  32 foxfires
109 creatures vanquished.

Grand Total: 2242 creatures vanquished

Notes
Turn   | Place    | Note
-------+----------+-------------------------------------------
     0 | D:1      | nj0rd12 the Gnoll Summoner began the quest for the Orb.
     0 | D:1      | Reached XP level 1. HP: 13/13 MP: 6/6
    77 | D:1      | Reached XP level 2. HP: 14/19 MP: 5/7
   100 | D:1      | Learned a level 2 spell: Call Imp
   435 | D:1      | Found a faded altar of an unknown god.
   875 | D:2      | Reached XP level 3. HP: 25/25 MP: 5/9
   879 | D:2      | Learned a level 3 spell: Call Canine Familiar
  1043 | D:2      | Got Xitarar's Information on Fiery Filth
  1135 | D:2      | Reached skill level 5 in Spellcasting
  1290 | D:2      | Reached skill level 1 in Invocations
  1436 | D:2      | Reached skill level 1 in Fighting
  1436 | D:2      | Reached skill level 1 in Short Blades
  1436 | D:2      | Reached skill level 1 in Long Blades
  1436 | D:2      | Reached skill level 1 in Axes
  1436 | D:2      | Reached skill level 1 in Maces & Flails
  1436 | D:2      | Reached skill level 1 in Polearms
  1436 | D:2      | Reached skill level 1 in Staves
  1436 | D:2      | Reached skill level 1 in Ranged Weapons
  1436 | D:2      | Reached skill level 1 in Throwing
  1436 | D:2      | Reached skill level 1 in Armour
  1436 | D:2      | Reached skill level 1 in Shields
  1436 | D:2      | Reached skill level 1 in Unarmed Combat
  1436 | D:2      | Reached skill level 1 in Evocations
  1543 | D:2      | Learned a level 3 spell: Summon Guardian Golem
  1726 | D:2      | Reached XP level 4. HP: 32/32 MP: 7/11
  1867 | D:2      | Reached skill level 1 in Shapeshifting
  2033 | D:3      | Found a shadowy altar of Dithmenos.
  2188 | D:3      | Noticed Sigmund
  2205 | D:3      | Killed Sigmund
  2206 | D:3      | Reached skill level 1 in Conjurations
  2206 | D:3      | Reached skill level 1 in Hexes
  2206 | D:3      | Reached skill level 1 in Necromancy
  2206 | D:3      | Reached skill level 1 in Translocations
  2206 | D:3      | Reached skill level 1 in Transmutations
  2206 | D:3      | Reached skill level 1 in Fire Magic
  2206 | D:3      | Reached skill level 1 in Ice Magic
  2206 | D:3      | Reached skill level 1 in Air Magic
  2206 | D:3      | Reached skill level 1 in Earth Magic
  2206 | D:3      | Reached skill level 1 in Poison Magic
  2206 | D:3      | Reached XP level 5. HP: 38/38 MP: 6/12
  2206 | D:3      | Reached XP level 6. HP: 44/44 MP: 6/13
  2402 | D:3      | Found Atuduad's Weapon Boutique.
  2594 | D:3      | Reached skill level 5 in Dodging
  2663 | D:3      | Found a bloodstained altar of Trog.
  2916 | D:4      | Reached skill level 2 in Maces & Flails
  3079 | D:4      | Reached XP level 7. HP: 48/50 MP: 9/15
  3498 | D:4      | Found a staircase to the Ecumenical Temple.
  3507 | Temple   | Entered the Ecumenical Temple
  3540 | Temple   | Became a worshipper of Ashenzari the Shackled
  3580 | D:4      | Learned a level 4 spell: Summon Lightning Spire
  3774 | D:5      | Entered Level 5 of the Dungeon
  3954 | D:5      | Reached skill level 5 in Stealth
  4008 | D:5      | Found Woifin's Book Emporium.
  4399 | D:5      | Found an ancient bone altar of Kikubaaqudgha.
  4444 | D:5      | Reached XP level 8. HP: 55/57 MP: 9/16
  4449 | D:5      | Reached skill level 3 in Maces & Flails
  4521 | D:5      | Found an iron altar of Okawaru.
  4654 | D:5      | Found a shimmering blue altar of Sif Muna.
  4815 | D:5      | Found a runed translucent door.
  4816 | D:5      | Noticed Crazy Yiuf
  5417 | D:6      | Reached * piety under Ashenzari
  5581 | D:6      | Reached XP level 9. HP: 62/65 MP: 14/18
  5788 | D:5      | Bought a book of Scorching for 390 gold pieces
  6101 | D:7      | Reached skill level 4 in Maces & Flails
  6833 | D:8      | Found a stormy altar of Qazlal.
  6943 | D:7      | Identified the +3 ring mail of Miyseujeof {Str+4}
  7642 | D:8      | Noticed a two-headed ogre
  7653 | D:8      | Killed a two-headed ogre
  7654 | D:8      | Reached skill level 5 in Invocations
  7867 | D:8      | Found a hide-covered altar of Uskayaw.
  7868 | D:8      | Found a snail-covered altar of Cheibriados.
  7901 | D:8      | Reached XP level 10. HP: 70/73 MP: 15/20
  8005 | D:8      | Reached skill level 5 in Fighting
  8005 | D:8      | Reached skill level 5 in Short Blades
  8005 | D:8      | Reached skill level 5 in Long Blades
  8005 | D:8      | Reached skill level 5 in Axes
  8005 | D:8      | Reached skill level 5 in Maces & Flails
  8005 | D:8      | Reached skill level 5 in Polearms
  8005 | D:8      | Reached skill level 5 in Staves
  8005 | D:8      | Reached skill level 5 in Ranged Weapons
  8005 | D:8      | Reached skill level 5 in Throwing
  8005 | D:8      | Reached skill level 5 in Armour
  8005 | D:8      | Reached skill level 5 in Shields
  8005 | D:8      | Reached skill level 5 in Unarmed Combat
  8005 | D:8      | Reached skill level 5 in Evocations
  8528 | D:9      | Reached ** piety under Ashenzari
  8534 | D:9      | Noticed Jeremiah
  8559 | D:9      | Killed Jeremiah
  8720 | D:9      | Reached skill level 5 in Shapeshifting
  8800 | D:9      | Learned a level 6 spell: Summon Cactus Giant
  9017 | D:9      | Found a sacrificial altar of Ru.
  9029 | D:9      | Found an opulent altar of Gozag.
  9198 | D:9      | Noticed Prince Ribbit
  9215 | D:9      | Killed Prince Ribbit
  9500 | D:9      | Found a burning altar of Makhleb.
  9625 | D:9      | Found Rifes's General Store.
  9627 | D:9      | Found Seruem's Specific Store.
  9769 | D:10     | Entered Level 10 of the Dungeon
  9946 | D:10     | Reached skill level 6 in Maces & Flails
  9946 | D:10     | Reached XP level 11. HP: 72/81 MP: 14/22
  9959 | D:10     | Noticed Lodul
  9966 | D:10     | Reached skill level 5 in Conjurations
  9966 | D:10     | Reached skill level 5 in Hexes
  9966 | D:10     | Reached skill level 5 in Necromancy
  9966 | D:10     | Reached skill level 5 in Translocations
  9966 | D:10     | Reached skill level 5 in Transmutations
  9966 | D:10     | Reached skill level 5 in Fire Magic
  9966 | D:10     | Reached skill level 5 in Ice Magic
  9966 | D:10     | Reached skill level 5 in Air Magic
  9966 | D:10     | Reached skill level 5 in Earth Magic
  9966 | D:10     | Reached skill level 5 in Poison Magic
  9967 | D:10     | Killed Lodul
  9975 | D:10     | Noticed Josephine
  9987 | D:10     | Killed Josephine
 10761 | D:10     | Found a staircase to the Lair.
 10909 | D:10     | Noticed a two-headed ogre
 10936 | D:10     | Killed a two-headed ogre
 11526 | D:10     | Identified the +3 spear "Dima" {drain, *Slow rC++ Int+6}
 11527 | D:10     | Noticed MrCrawl's ghost (journeyman TeFE)
 11527 | D:10     | Noticed a spriggan rider
 11528 | D:10     | Found a runed translucent door.
 11731 | D:11     | Reached XP level 12. HP: 59/89 MP: 16/24
 11844 | D:11     | Reached skill level 7 in Maces & Flails
 11852 | D:11     | Noticed a boulder beetle
 11870 | D:11     | Noticed a two-headed ogre
 11875 | D:11     | Killed a boulder beetle
 11884 | D:11     | Killed a two-headed ogre
 12201 | D:11     | Found a staircase to the Orcish Mines.
 12268 | D:11     | Noticed Sonja
 12496 | D:11     | Killed Sonja
 12575 | D:11     | Learned a level 5 spell: Fireball
 12604 | D:12     | Noticed a seven-headed hydra
 12953 | D:11     | Found Wuijoilo's Antique Weapon Boutique.
 13307 | D:5      | Bought the Unrestrained Analects for 598 gold pieces
 13440 | Lair:1   | Entered Level 1 of the Lair of Beasts
 13481 | Lair:1   | Identified the +8 flail "Toppism" {venom, rF- Str+4 SInv}
 13667 | Lair:1   | Reached *** piety under Ashenzari
 14040 | Lair:1   | Noticed Maggie
 14053 | Lair:1   | Killed Maggie
 14903 | Lair:2   | Found a staircase to the Swamp.
 14903 | Lair:2   | Noticed a ghost crab
 15048 | Lair:2   | Noticed a skyshark
 15125 | Lair:2   | Noticed a skyshark
 15209 | Lair:2   | Noticed a six-headed hydra
 15220 | Lair:2   | Killed a six-headed hydra
 15221 | Lair:2   | Reached skill level 8 in Maces & Flails
 15235 | Lair:2   | Reached XP level 13. HP: 98/98 MP: 13/26
 15826 | Lair:2   | Found a staircase to the Snake Pit.
 16685 | Lair:3   | Noticed Rupert
 17143 | Lair:3   | Reached skill level 10 in Summonings
 17939 | Lair:3   | Reached **** piety under Ashenzari
 17970 | Lair:3   | Killed Rupert
 17971 | Lair:3   | Reached skill level 9 in Maces & Flails
 18227 | Lair:3   | Reached skill level 10 in Spellcasting
 19525 | Lair:4   | Reached skill level 10 in Dodging
 19937 | Lair:4   | Reached skill level 10 in Maces & Flails
 19937 | Lair:4   | Reached XP level 14. HP: 111/111 MP: 20/30
 20005 | Lair:4   | Reached skill level 10 in Stealth
 20415 | Lair:5   | Entered Level 5 of the Lair of Beasts
 20752 | Lair:5   | Reached skill level 10 in Invocations
 21801 | Lair:5   | Found a staircase to the Slime Pits.
 22113 | D:5      | Bought Great Wizards, Vol. II for 494 gold pieces
 22119 | D:5      | Learned a level 5 spell: Borgnjor's Vile Clutch
 22589 | Lair:5   | Reached skill level 11 in Maces & Flails
 23152 | Lair:5   | Identified the Treatise on the Geologist
 24155 | D:12     | Learned a level 7 spell: Malign Gateway
 24291 | D:12     | Noticed Snorg
 24311 | D:12     | Killed Snorg
 24983 | Orc:1    | Entered Level 1 of the Orcish Mines
 24984 | Orc:1    | Paralysed by an orc sorcerer for 5 turns
 25131 | Orc:1    | Noticed an orc warlord
 25151 | D:11     | Reached XP level 15. HP: 101/120 MP: 22/31
 25278 | D:11     | Killed an orc warlord
 25734 | Orc:1    | Reached skill level 10 in Fighting
 25734 | Orc:1    | Reached skill level 10 in Short Blades
 25734 | Orc:1    | Reached skill level 10 in Long Blades
 25734 | Orc:1    | Reached skill level 10 in Axes
 25734 | Orc:1    | Reached skill level 10 in Polearms
 25734 | Orc:1    | Reached skill level 10 in Staves
 25734 | Orc:1    | Reached skill level 10 in Ranged Weapons
 25734 | Orc:1    | Reached skill level 10 in Throwing
 25734 | Orc:1    | Reached skill level 10 in Armour
 25734 | Orc:1    | Reached skill level 10 in Shields
 25734 | Orc:1    | Reached skill level 10 in Unarmed Combat
 25734 | Orc:1    | Reached skill level 10 in Evocations
 26670 | Orc:2    | Entered Level 2 of the Orcish Mines
 27065 | Orc:2    | Found a staircase to the Elven Halls.
 27862 | Orc:2    | Reached ***** piety under Ashenzari
 27923 | Orc:2    | Reached skill level 12 in Maces & Flails
 28204 | Orc:2    | Found Kamilont's Antique Armour Emporium.
 28204 | Orc:2    | Found Qaptuxom's Book Shop.
 28219 | Orc:2    | Bought a pair of ichor-stained boots for 266 gold pieces
 28219 | Orc:2    | Identified the -2 pair of boots of the Thieving Gods
                  | {Str+4} (You bought it in a shop on level 2 of the Orcish
                  | Mines)
 28493 | Orc:2    | Found Vueqin's Armour Emporium.
 28493 | Orc:2    | Found Bomen's Distillery.
 28500 | Orc:2    | Bought a potion of invisibility for 112 gold pieces
 30039 | D:13     | Found a gate to the Vaults.
 31404 | D:15     | Entered Level 15 of the Dungeon
 31972 | D:15     | Reached XP level 16. HP: 129/129 MP: 18/33
 32725 | D:15     | Found a staircase to the Depths.
 32750 | D:15     | Reached skill level 13 in Maces & Flails
 33670 | Lair:2   | Reached skill level 10 in Shapeshifting
 33705 | Swamp:1  | Entered Level 1 of the Swamp
 33743 | Swamp:1  | Learned a level 4 spell: Flame Wave
 33852 | Swamp:1  | Found an ornate altar of the Wu Jian Council.
 34248 | Swamp:1  | Upgraded the game from 0.31-a0-640-g39d97e502b to
                  | 0.31-a0-654-gbe3e110b4e
 36516 | Swamp:2  | Noticed Kirke
 36523 | Swamp:2  | Killed Kirke
 36628 | Swamp:2  | Noticed Frances
 36711 | Swamp:2  | Killed Frances
 37743 | Swamp:3  | Identified the +7 battleaxe "Ellidiob" {elec, rPois rC-
                  | MP+9}
 38156 | Snake:1  | Entered Level 1 of the Snake Pit
 38243 | Snake:1  | Found an opulent altar of Gozag.
 39660 | Snake:1  | Reached skill level 14 in Maces & Flails
 39945 | Snake:2  | Reached XP level 17. HP: 137/137 MP: 6/35
 41712 | Snake:2  | Found Loolyrin's Magic Scroll Shop.
 41720 | Snake:2  | Bought a scroll of blinking for 97 gold pieces
 41720 | Snake:2  | Bought a scroll of blinking for 97 gold pieces
 42281 | Snake:3  | Reached skill level 10 in Conjurations
 42281 | Snake:3  | Reached skill level 10 in Hexes
 42281 | Snake:3  | Reached skill level 10 in Necromancy
 42281 | Snake:3  | Reached skill level 10 in Translocations
 42281 | Snake:3  | Reached skill level 10 in Transmutations
 42281 | Snake:3  | Reached skill level 10 in Fire Magic
 42281 | Snake:3  | Reached skill level 10 in Ice Magic
 42281 | Snake:3  | Reached skill level 10 in Air Magic
 42281 | Snake:3  | Reached skill level 10 in Earth Magic
 42281 | Snake:3  | Reached skill level 10 in Poison Magic
 42286 | Snake:3  | Learned a level 4 spell: Iskenderun's Mystic Blast
 42941 | Snake:3  | Identified the ring "Safyrov" {rPois rN+}
 43111 | Snake:3  | Identified the ring "Lub Osips" {Drain rPois rC++ Will+
                  | Int+2}
 43129 | Snake:3  | Identified the +5 dagger "Dara Upt" {drain, rPois Int-3
                  | Dex+4 Stlth+}
 45145 | Snake:3  | Identified the +11 mace of the Desert {venom, +Blink rElec
                  | MP+9}
 45151 | Snake:3  | Reached skill level 15 in Maces & Flails
 45695 | Swamp:4  | Entered Level 4 of the Swamp
 46909 | Swamp:4  | Reached XP level 18. HP: 148/148 MP: 29/37
 47082 | Swamp:4  | Noticed Nikola
 47376 | Swamp:4  | Killed Nikola
 47377 | Swamp:4  | Reached skill level 15 in Stealth
 47967 | Swamp:4  | Got a decaying rune of Zot
 48344 | Swamp:4  | Upgraded the game from 0.31-a0-654-gbe3e110b4e to
                  | 0.31-a0-656-gb4d89c20fa
 49537 | Snake:4  | Entered Level 4 of the Snake Pit
 50637 | Snake:4  | Reached skill level 16 in Maces & Flails
 52367 | Snake:4  | Reached XP level 19. HP: 154/157 MP: 38/39
 52374 | Snake:4  | Noticed Vashnia
 52704 | Snake:4  | Killed Vashnia
 53122 | Snake:4  | Got a serpentine rune of Zot
 54102 | Elf:1    | Entered Level 1 of the Elven Halls
 54112 | Elf:1    | Found Naetihuc's Distillery.
 54559 | Elf:1    | Learned a level 8 spell: Summon Horrible Things
 55232 | Elf:1    | Found Uxogiug's Jewellery Shop.
 55233 | Elf:1    | Found Saetak's Book Shoppe.
 55233 | Elf:1    | Found Ylokeo's Book Shoppe.
 55243 | Elf:1    | Bought a book of the Wilderness for 570 gold pieces
 55602 | Elf:1    | Reached skill level 17 in Maces & Flails
 56659 | Elf:2    | Noticed Roxanne
 56744 | Elf:2    | Found a huge runed translucent gate.
 56744 | Elf:2    | Found a huge runed translucent gate.
 56745 | Elf:2    | Found a huge runed translucent gate.
 56745 | Elf:2    | Found a huge runed translucent gate.
 56745 | Elf:2    | Found a huge runed translucent gate.
 57710 | Elf:2    | Reached ****** piety under Ashenzari
 57795 | Elf:2    | Reached XP level 20. HP: 140/168 MP: 32/42
 58632 | Elf:2    | Paralysed by an air elemental for 1 turns
 58635 | Elf:2    | Paralysed by an air elemental for 1 turns
 58785 | Elf:2    | Found Wiowuag's Antique Weapon Shoppe.
 58885 | Elf:2    | Identified the +4 scale mail of the Louse {Harm rElec}
 58896 | Elf:1    | Found a radiant altar of Vehumet.
 58981 | Elf:3    | Entered Level 3 of the Elven Halls
 59247 | Elf:3    | Found Yceuhevy's Tremendous Tomes.
 59288 | Elf:3    | Reached skill level 15 in Invocations
 59505 | Elf:3    | Identified the ring "Pooteafa" {Will+ rCorr AC+4 Str+3
                  | Stlth-}
 60050 | Elf:3    | Identified the +3 scale mail "Keku" {rElec Str+3 Stlth+}
 60053 | Elf:3    | Identified the staff "Ladoufu" {rElec rF+ Str+2 Air}
 60170 | Elf:3    | Found the +15 Maxwell's patent armour {-Cast -Tele rElec
                  | Will+ rCorr}
 60170 | Elf:3    | Identified the ring of Jogack {Fire Str-5 Dex+6}
 61351 | Vaults:1 | Entered Level 1 of the Vaults
 61656 | Vaults:1 | Reached skill level 18 in Maces & Flails
 61769 | Vaults:1 | Identified the +5 chain mail of the Unbroken {rElec rCorr}
 61905 | Vaults:1 | Found Jeyqept's Weapon Boutique.
 62525 | Vaults:1 | Found a runed translucent door.
 62525 | Vaults:1 | Found a shimmering altar of Xom.
 62525 | Vaults:1 | Noticed Fieg's ghost (veteran HuWn)
 62727 | Vaults:1 | Reached skill level 15 in Spellcasting
 63376 | Vaults:2 | Found Seucuoja's Magic Scroll Boutique.
 63511 | Vaults:2 | Paralysed by a formless jellyfish for 1 turns
 63864 | Vaults:2 | Reached skill level 15 in Dodging
 64045 | Vaults:2 | Found a staircase to the Crypt.
 64284 | Vaults:2 | Reached XP level 21. HP: 176/176 MP: 28/43
 66815 | Vaults:3 | Found the +7 great mace "Firestarter" {flame, immolate,
                  | rFlCloud rF++}
 66990 | Vaults:3 | Identified the +4 long sword "Ziovo" {freeze, rCorr}
 67666 | Vaults:3 | Reached skill level 19 in Maces & Flails
 68187 | Vaults:3 | Found Kuinuvot's Antique Weapon Shop.
 68354 | Vaults:3 | Reached skill level 15 in Summonings
 68963 | Vaults:4 | Learned a level 9 spell: Dragon's Call
 69686 | Vaults:4 | Noticed Donald
 69718 | Vaults:4 | Killed Donald
 69719 | Vaults:4 | Reached skill level 15 in Fighting
 69719 | Vaults:4 | Reached skill level 15 in Short Blades
 69719 | Vaults:4 | Reached skill level 15 in Long Blades
 69719 | Vaults:4 | Reached skill level 15 in Axes
 69719 | Vaults:4 | Reached skill level 15 in Polearms
 69719 | Vaults:4 | Reached skill level 15 in Staves
 69719 | Vaults:4 | Reached skill level 15 in Ranged Weapons
 69719 | Vaults:4 | Reached skill level 15 in Throwing
 69719 | Vaults:4 | Reached skill level 15 in Armour
 69719 | Vaults:4 | Reached skill level 15 in Shields
 69719 | Vaults:4 | Reached skill level 15 in Unarmed Combat
 69719 | Vaults:4 | Reached skill level 15 in Evocations
 70012 | Vaults:4 | Reached XP level 22. HP: 185/185 MP: 21/45
 70766 | Crypt:1  | Entered Level 1 of the Crypt
 70906 | Crypt:1  | Upgraded the game from 0.31-a0-656-gb4d89c20fa to
                  | 0.31-a0-662-g684573625c
 71521 | Depths:1 | Entered Level 1 of the Depths
 72442 | Depths:1 | Found a gateway to Hell.
 72776 | Depths:1 | Found a blossoming altar of Fedhas.
 73454 | Depths:2 | Found a snail-covered altar of Cheibriados.
 74375 | Depths:2 | Reached skill level 20 in Maces & Flails
 74515 | Depths:2 | Found a one-way gate leading to the halls of Pandemonium.
 74716 | Depths:2 | Noticed a golden dragon
 74722 | Depths:2 | Killed a golden dragon
 74948 | Depths:2 | Identified the +1 arbalest of Punishment {heavy, rPois rF++
                  | Int+2}
 75171 | Depths:2 | Identified the ring "Mobaloux" {Wiz Contam Int+5 Dex+2}
 75664 | Depths:3 | Noticed Norris
 75674 | Depths:3 | Killed Norris
 75899 | Depths:3 | Noticed Mennas
 75910 | Depths:3 | Killed Mennas
 75915 | Depths:3 | Reached XP level 23. HP: 136/194 MP: 9/46
 76366 | Depths:3 | Noticed the Enchantress
 76388 | Depths:3 | Killed the Enchantress
 76629 | Depths:3 | Found a one-way gate to the infinite horrors of the Abyss.
 76948 | Depths:3 | Found a one-way gateway to a ziggurat.
 77121 | Depths:3 | Learned a level 4 spell: Passage of Golubria
 77626 | Depths:4 | Entered Level 4 of the Depths
 77668 | Depths:4 | Noticed a golden dragon
 77854 | Depths:4 | Noticed a golden dragon
 78078 | Depths:4 | Killed a golden dragon
 78079 | Depths:4 | Reached skill level 15 in Ice Magic
 78368 | Depths:4 | Found a runed translucent gate.
 78369 | Depths:4 | Found a runed translucent gate.
 78370 | Depths:4 | Found a runed translucent gate.
 78372 | Depths:4 | Noticed Boysiah's ghost (adept DECA)
 78375 | Depths:4 | Identified the +0 falchion of the Final Chapter {venom,
                  | rCorr}
 78376 | Depths:4 | Found a viscous altar of Jiyva.
 79114 | Depths:4 | Noticed a golden dragon
 79333 | Depths:4 | Killed a golden dragon
 79380 | Depths:4 | Found a gate to the Realm of Zot.
 79931 | Vaults:5 | Entered Level 5 of the Vaults
 80216 | Vaults:5 | Reached skill level 21 in Maces & Flails
 80284 | Vaults:5 | Reached skill level 15 in Shapeshifting
 80479 | Vaults:5 | Noticed a dread lich
 80489 | Vaults:5 | Killed a dread lich
 80610 | Vaults:5 | Identified the +3 leather armour "Ihekh" {rPois rF- Regen+
                  | SInv}
 80723 | Vaults:5 | Identified the ring "Tinikho" {+Blink Fly Slay+2 SInv}
 80902 | Vaults:5 | Reached XP level 24. HP: 132/182 MP: 39/47
 81440 | Vaults:5 | Identified the +0 ring mail of the Invisible Princes {Fly
                  | Will+}
 81779 | Vaults:5 | Noticed an ancient lich
 81784 | Vaults:5 | Killed an ancient lich
 82186 | Vaults:5 | Identified the +0 leather armour of the Miller {*Corrode
                  | rPois rC- Str+8 SInv}
 82195 | Vaults:5 | Got a silver rune of Zot
 82806 | Vaults:5 | Identified the Tome of the Feculent Summer
 82906 | Vaults:5 | Identified the +0 scale mail of the Dull God {-Tele rN++
                  | Int+4 Dex-4}
 84077 | Zot:1    | Entered Level 1 of the Realm of Zot
 84778 | Zot:1    | Noticed an orb of fire
 84803 | Zot:1    | Killed an orb of fire
 85152 | Zot:1    | Identified a scroll of acquirement
 85248 | Zot:1    | Acquired the +3 flail of the Doomed Warrior {antimagic,
                  | Int+3}
 86375 | Zot:2    | Reached skill level 22 in Maces & Flails
 87189 | Zot:1    | Reached XP level 25. HP: 173/212 MP: 48/48
 88151 | Zot:2    | Found a runed translucent door.
 88155 | Zot:2    | Identified the staff "Wiuhikk" {rElec rC+ rN+ Int+5 Air}
 88156 | Zot:2    | Noticed Icycared's ghost (master GrFi)
 88724 | Zot:2    | Noticed a shard shrike
 88744 | Zot:2    | Killed a shard shrike
 89318 | Zot:3    | Noticed Grunn
 89342 | Zot:3    | Killed Grunn
 89517 | Zot:3    | Identified the +4 hand axe "Piahoaki" {drain, Int+3}
 90750 | Zot:3    | Identified the +7 war axe "Hinuqauz" {freeze, rElec Will+}
 91249 | Zot:4    | Found a huge runed gate.
 91249 | Zot:4    | Found a huge runed gate.
 91249 | Zot:4    | Found a huge runed gate.
 91249 | Zot:4    | Found a huge runed gate.
 91249 | Zot:4    | Found a huge runed gate.
 91434 | Zot:4    | Found a huge runed gate.
 91434 | Zot:4    | Found a huge runed gate.
 91436 | Zot:4    | Found a huge runed gate.
 91527 | Zot:4    | Found a huge runed gate.
 91527 | Zot:4    | Found a huge runed gate.
 91527 | Zot:4    | Found a huge runed gate.
 91527 | Zot:4    | Found a huge runed gate.
 91531 | Zot:4    | Found a huge runed gate.
 91611 | Zot:4    | Reached skill level 15 in Conjurations
 91611 | Zot:4    | Reached skill level 15 in Hexes
 91611 | Zot:4    | Reached skill level 15 in Necromancy
 91611 | Zot:4    | Reached skill level 15 in Translocations
 91611 | Zot:4    | Reached skill level 15 in Transmutations
 91611 | Zot:4    | Reached skill level 15 in Fire Magic
 91611 | Zot:4    | Reached skill level 15 in Air Magic
 91611 | Zot:4    | Reached skill level 15 in Earth Magic
 91611 | Zot:4    | Reached skill level 15 in Poison Magic
 91647 | Zot:4    | Reached skill level 23 in Maces & Flails
 91817 | Zot:4    | Reached XP level 26. HP: 180/222 MP: 45/48
 91900 | Zot:4    | Found a huge runed gate.
 91901 | Zot:4    | Found a huge runed gate.
 91903 | Zot:4    | Found a huge runed gate.
 92143 | Zot:4    | Identified the +2 helmet of Exclusion {Dex+3}
 92713 | Zot:4    | Found a huge runed gate.
 92713 | Zot:4    | Found a huge runed gate.
 92713 | Zot:4    | Found a huge runed gate.
 92713 | Zot:4    | Found a huge runed gate.
 92713 | Zot:4    | Found a huge runed gate.
 92713 | Zot:4    | Found a huge runed gate.
 92713 | Zot:4    | Found a huge runed gate.
 92715 | Zot:4    | Found a huge runed gate.
 92716 | Zot:4    | Found a huge runed gate.
 92724 | Zot:4    | Identified the Grimoire of Arctic Blasts
 93117 | Zot:5    | Entered Level 5 of the Realm of Zot
 93677 | Zot:5    | Noticed an orb of fire
 93692 | Zot:5    | Gained mutation: You occasionally lose the ability to drink
                  | potions when taking damage. [an orb of fire]
 93693 | Zot:5    | Noticed an orb of fire
 93694 | Zot:5    | Noticed an orb of fire
 93847 | Zot:5    | Killed an orb of fire
 93848 | Zot:5    | Noticed an orb of fire
 93855 | Zot:5    | Noticed a Killer Klown
 93855 | Zot:5    | Killed an orb of fire
 93862 | Zot:5    | Noticed a Killer Klown
 93874 | Zot:5    | Noticed a Killer Klown
 93874 | Zot:5    | Noticed a Killer Klown
 93875 | Zot:5    | Noticed a Killer Klown
 93884 | Zot:5    | Noticed a Killer Klown
 94093 | Zot:5    | Noticed a dread lich
 94155 | Zot:5    | Killed a Killer Klown
 94167 | Zot:5    | Noticed a Killer Klown
 94174 | Zot:5    | Killed a dread lich
 94179 | Zot:5    | Killed a Killer Klown
 94183 | Zot:5    | Killed a Killer Klown
 94199 | Zot:4    | Killed a Killer Klown
 94648 | Zot:4    | Killed a Killer Klown
 95059 | Zot:4    | Gained mutation: You occasionally lose the ability to read
                  | scrolls when taking damage. [an orb of fire]
 95063 | Zot:4    | Gained mutation: You have hidden genetic defects. [an orb
                  | of fire]
 95065 | Zot:4    | Gained mutation: You occasionally shout uncontrollably at
                  | your foes. [an orb of fire]
 95071 | Zot:4    | Killed an orb of fire
 95315 | Zot:4    | Killed a Killer Klown
 95794 | Zot:5    | Killed an orb of fire
 95822 | Zot:5    | Killed a Killer Klown
 96085 | Zot:5    | Gained mutation: You are clumsy. (Dex -2) [hidden defects]
 96107 | Zot:5    | Reached XP level 27. HP: 230/230 MP: 29/49
 96347 | Zot:5    | Reached skill level 24 in Maces & Flails
 96364 | Zot:5    | HP: 10/230 [Orb Guardian (58)]
 96967 | Zot:5    | Got the Orb of Zot
 97090 | Zot:1    | Noticed Loun the pandemonium lord
 97100 | Zot:1    | Killed Loun the pandemonium lord
 97140 | Depths:3 | Noticed Jacymos the pandemonium lord
 97142 | Depths:3 | Noticed an ancient lich
 97473 | D:4      | Noticed Sezojezi the pandemonium lord
 97559 | D:$      | Escaped with the Orb!

Illustrated notes

Levels and vault maps discovered:
D:1:      dpeg_arrival_stonehenge_8_columns, layout_basic,
          hellmonk_ecumenical_altar_inner_sanctum
D:2:      layout_basic, serial_bayou_pond_b
D:3:      layout_loops_ring, nicolae_dithmenos_through_a_glass_darkly,
          trog_book, serial_shops, shop, serial_glass, glass_columns_a,
          glass_columns_c, glass_columns_b, glass_columns_b, glass_columns_b,
          glass_columns_a, uniq_sigmund
D:4:      layout_basic, minmay_temple_entry_gardened_gates,
          nicolae_concentric_dashed_squares_wild
D:5:      layout_basic, okawaru_ov_weapons_minmay, mainiacjoe_overflow_catwalk,
          lemuel_blue_sif_altar, serial_shops, shop, nicolae_grassy_gnolls,
          uniq_crazy_yiuf_cottage
D:6:      layout_rooms
D:7:      layout_cave_pods, nicolae_ossuary_entry_false_entrances
D:8:      layout_rooms, nicolae_qazlal_scattered_showers,
          mainiacjoe_overflow_divided_tiny
D:9:      minmay_spotlight, layout_irregular_city,
          mainiacjoe_overflow_catch_the_wave, mainiacjoe_overflow_24_doors,
          nicolae_specific_store, uniq_jeremiah, uniq_prince_ribbit1
D:10:     layout_loops_ring, due_lair_maze_entry_diamond,
          ebering_ghost_funeral_grove, special_room [special_room_orc],
          uniq_lodul, uniq_josephine
D:11:     layout_basic, minmay_orc_entry_temple_small, serial_shops,
          kennysheep_mini_moat, uniq_sonja
D:12:     layout_basic, uniq_snorg
D:13:     layout_rooms, hangedman_vaults_entry_quadrant_bands
D:14:     layout_cave_pools, dreamdust_princess_corridor
D:15:     grunt_enter_depths_snipers, layout_loops_ring, special_room
          [special_room_orc], dreamdust_princess_bridge
Temple:   minmay_temple_curvy_loop
Lair:1:   layout_cave_pods, uniq_maggie
Lair:2:   layout_gridlike, nicolae_swamp_entry_spooky,
          guppyfry_snake_entry_island, wad_woods_road_05
Lair:3:   layout_regular_city, lemuel_fruit_fields, grunt_megastairs_5,
          uniq_rupert
Lair:4:   layout_regular_city, infiniplex_staircase_pool
Lair:5:   minmay_lair_end_frog_pond, layout_layer_cave, slime_entry_1,
          nicolae_lair_grove_arrangements
Swamp:1:  layout_basic_swamp, nicolae_swamp_godswood, swamp_pool1,
          nicolae_swamp_vermiculated
Swamp:2:  nicolae_swamp_ascending_descending_big, layout_falls_marsh,
          nicolae_swamp_very_dense_foliage, uniq_kirke, uniq_frances
Swamp:3:  layout_basic_swamp, serial_swamp_ruin, evilmike_swamp_ruin_rubble_2,
          evilmike_swamp_ruin_house_6, swamp_pool2, nzn_swamp_stair_ambush
Swamp:4:  swamp_alternative, layout_basic_swamp, nicolae_swamp_snake_nest,
          uniq_nikola
Snake:1:  layout_rooms, basic_altar
Snake:2:  layout_grid_shapes, serial_shops, shop, nicolae_snake_boneroom
Snake:3:  layout_chambers, nicolae_snake_naga_rites
Snake:4:  johnstein_snake_rune_scales, layout_layer_cave, drop_trap
Orc:1:    layout_caves
Orc:2:    st_orc_town, layout_caves, basic_altar
Elf:1:    layout_geoelf_diagonals, serial_shops, nicolae_shop_waterfront,
          hangedman_corner_corridor, minmay_shop_grove, lemuel_upstairs_altar
Elf:2:    elven_hall_of_blades_hangedman_alternative
          [nicolae_blade_entry_area_security], layout_gridlike, serial_shops,
          shop, uniq_roxanne
Elf:3:    minmay_elf_hall_spiked, layout_geoelf_octagon,
          nicolae_shop_i_like_big_books
Vaults:1: ebering_ghost_xom, nicolae_vaults_house_3,
          vaults_room_grunt_arrival_ludios, nicolae_vaults_tetromino_L_1,
          v_misc_22, hangedman_vaults_trim, nicolae_vaults_house_3,
          layout_vaults_quadrants, serial_shops, shop
Vaults:2: v_rooms_5, minmay_crypt_entry_simple_corners,
          nicolae_vaults_inception_scallops, hangedman_vaults_corner_blocks,
          nicolae_vaults_network_s, ontoclasm_vaults_bender,
          nicolae_vaults_tetromino_T_1, v_misc_5, v_rooms_1, grunt_vaults_focal,
          v_rooms_5, grunt_vaults_hallway_short, layout_vaults_omnibox,
          serial_shops, shop
Vaults:3: hangedman_vaults_hat, nicolae_vaults_little_squares_6, v_rooms_3,
          nicolae_vaults_mush_room, v_misc_19, grunt_vaults_twisty,
          nicolae_vaults_trapezoid_2, vaults_room_grunt_arrival_checkpoint,
          nicolae_vaults_tetromino_L_2, v_rooms_6,
          nicolae_vaults_closet_pinwheel_5, ontoclasm_vaults_idyll,
          layout_vaults_maze_bifur, serial_shops,
          nicolae_shop_competitors_out_of_business
Vaults:4: vaults_room_grid, v_alt_pattern_2, vaults_room_large_hall,
          vaults_room_pool, nicolae_vaults_tetromino_T_1,
          ontoclasm_vaults_loading_screen, nicolae_vaults_circle_grid_a,
          nicolae_vaults_network_square, nicolae_vaults_diagonal_hallway_8,
          ontoclasm_vaults_ring_square, layout_vaults_omnicross, uniq_donald
Vaults:5: serial_shops
Crypt:1:  layout_catacombs, grunt_megastairs_2
Depths:1: layout_roguey, minmay_misc_feat_pillars, hellmouth_3, fedhas_altar_1,
          serial_bayou_shore_a
Depths:2: grunt_x_marks_the_spot, layout_gridlike, pf_coc_iceberg,
          chequers_serial_rivers_micro_c, grunt_pan_entry_sceptre, slow_altar_2
Depths:3: minmay_distorted_concentric_squares, layout_cave_shapes,
          enter_ziggurat_d, grunt_mini_vestibule, abyss_entry_small_statue_room,
          uniq_enchantress, uniq_mennas, uniq_norris
Depths:4: grunt_twist_and_shout, layout_cave_pools, grunt_hell_entry_dis_mu,
          chequers_serial_rivers_micro_b, gammafunk_ghost_ooze, uniq_josephina
Zot:1:    layout_gridlike
Zot:2:    layout_misc_corridors, ebering_ghost_reflecting_pool, drop_trap,
          hangedman_zot_spectrum
Zot:3:    layout_gridlike, st_single_dragon_hoard_3, st_large_dragon_hoard_2,
          uniq_grunn
Zot:4:    lemuel_firehouse, layout_concentric_octagons,
          st_single_dragon_hoard_4, not_door_vault_mu
Zot:5:    layout_twisted_circle

Skill      XL: |  1  2  3  4  5  6  7  8  9 10 11 12 13 14 15 16 17 18 19 20 21 22 23 24 25 26 27 |
---------------+----------------------------------------------------------------------------------+-----
Spellcasting   | 5 6 7 8 9 10 11 12 13 14 15 16 17 18 19 | 19.0
Invocations    | 1 2 3 4 5 6 7 8 9 10 11 12 13 14 15 16 17 18 19 | 19.9
Fighting       | 1 2 3 4 6 7 9 10 11 12 13 14 15 16 17 18 | 18.4
Short Blades   | 1 2 3 4 6 7 9 10 11 12 13 14 15 16 17 18 | 18.4
Long Blades    | 1 2 3 4 6 7 9 10 11 12 13 14 15 16 17 18 | 18.4
Axes           | 1 2 3 4 6 7 9 10 11 12 13 14 15 16 17 18 | 18.4
Maces & Flails | 1 2 3 4 6 8 10 11 12 14 15 16 17 18 19 20 21 22 23 24 | 24.0
Polearms       | 1 2 3 4 6 7 9 10 11 12 13 14 15 16 17 18 | 18.4
Staves         | 1 2 3 4 6 7 9 10 11 12 13 14 15 16 17 18 | 18.4
Ranged Weapons | 1 2 3 4 6 7 9 10 11 12 13 14 15 16 17 18 | 18.4
Throwing       | 1 2 3 4 6 7 9 10 11 12 13 14 15 16 17 18 | 18.4
Armour         | 1 2 3 4 6 7 9 10 11 12 13 14 15 16 17 18 | 18.4
Shields        | 1 2 3 4 6 7 9 10 11 12 13 14 15 16 17 18 | 18.4
Unarmed Combat | 1 2 3 4 6 7 9 10 11 12 13 14 15 16 17 18 | 18.4
Evocations     | 1 2 3 4 6 7 9 10 11 12 13 14 15 16 17 18 | 18.4
Shapeshifting  | 1 2 3 4 5 6 7 8 9 10 11 12 13 14 15 16 17 | 17.0
Conjurations   | 1 2 3 4 5 6 7 8 9 10 11 12 13 14 15 | 15.7
Hexes          | 1 2 3 4 5 6 7 8 9 10 11 12 13 14 15 | 15.7
Necromancy     | 1 2 3 4 5 6 7 8 9 10 11 12 13 14 15 | 15.7
Translocations | 1 2 3 4 5 6 7 8 9 10 11 12 13 14 15 | 15.7
Transmutations | 1 2 3 4 5 6 7 8 9 10 11 12 13 14 15 | 15.7
Fire Magic     | 1 2 3 4 5 6 7 8 9 10 11 12 13 14 15 | 15.7
Ice Magic      | 1 2 3 4 5 6 7 8 9 10 11 12 13 14 15 16 17 18 | 18.6
Air Magic      | 1 2 3 4 5 6 7 8 9 10 11 12 13 14 15 | 15.7
Earth Magic    | 1 2 3 4 5 6 7 8 9 10 11 12 13 14 15 | 15.7
Poison Magic   | 1 2 3 4 5 6 7 8 9 10 11 12 13 14 15 | 15.7
Dodging        | 5 6 7 8 9 10 11 12 13 14 15 16 17 18 | 18.9
Stealth        | 5 6 7 8 9 10 12 13 14 16 17 18 19 20 21 22 23 | 23.8
Summonings     | 8 9 10 11 12 13 14 15 16 17 18 19 | 19.7

Action                     |  1- 3 |  4- 6 |  7- 9 | 10-12 | 13-15 | 16-18 | 19-21 | 22-24 | 25-27 || total
---------------------------+-------+-------+-------+-------+-------+-------+-------+-------+-------++-------
  Melee: Unarmed           |     6 |       |       |       |       |       |       |       |       ||     6
         Whip              |    24 |     8 |       |       |       |       |       |       |       ||    32
         Bite              |     3 |     3 |     6 |     8 |    63 |    63 |    63 |    97 |    63 ||   369
         Halberd           |       |     8 |    81 |   154 |   508 |    83 |       |       |       ||   834
         Spear             |       |       |       |       |       |   336 |       |       |       ||   336
         Mace              |       |       |       |       |       |    96 |   266 |   439 |   221 ||  1022
  Throw: Boomerang         |       |       |     4 |     4 |    33 |   145 |    87 |     9 |       ||   282
   Cast: Summon Small Mamm |    26 |       |     2 |     3 |       |       |       |       |       ||    31
         Call Imp          |     9 |    10 |    24 |    20 |     1 |     1 |       |       |       ||    65
         Call Canine Famil |     4 |     9 |    43 |    64 |    37 |     9 |     7 |     1 |       ||   174
         Summon Guardian G |       |     3 |     4 |    24 |    15 |    16 |     3 |     2 |       ||    67
         Summon Lightning  |       |       |    16 |    49 |   120 |   132 |    67 |    42 |       ||   426
         Summon Cactus Gia |       |       |       |    14 |   109 |   166 |    95 |    79 |     5 ||   468
         Fireball          |       |       |       |     1 |     8 |     9 |       |     1 |     1 ||    20
         Borgnjor's Vile C |       |       |       |       |    49 |   153 |   154 |   155 |    56 ||   567
         Malign Gateway    |       |       |       |       |     5 |    22 |    14 |     2 |     3 ||    46
         Flame Wave        |       |       |       |       |       |     8 |       |       |       ||     8
         Summon Horrible T |       |       |       |       |       |       |    90 |   111 |    81 ||   282
         Dragon's Call     |       |       |       |       |       |       |       |    14 |    20 ||    34
         Passage of Golubr |       |       |       |       |       |       |       |       |     5 ||     5
 Invoke: Curse Item        |       |       |     1 |     3 |     4 |     3 |     2 |       |       ||    13
         Shatter the Chain |       |       |       |       |       |     3 |       |       |       ||     3
Ability: Evoke Blink       |       |       |       |       |       |       |     1 |     2 |       ||     3
  Evoke: Wand              |       |       |       |       |     2 |     4 |       |       |     2 ||     8
         Lightning rod     |       |       |       |       |       |       |       |       |     4 ||     4
    Use: Scroll            |       |     1 |     1 |       |     5 |    11 |     4 |     8 |     5 ||    35
         Potion            |       |       |       |       |     3 |     5 |       |     4 |     2 ||    14
   Stab: Sleeping          |     2 |     1 |     1 |       |     2 |       |     4 |     3 |     1 ||    14
         Distracted        |       |       |       |     3 |    11 |    12 |     5 |    14 |    10 ||    55
         Betrayed ally     |       |       |       |     1 |       |       |       |       |       ||     1
 Armour: Robe              |    17 |     4 |    29 |     1 |       |       |       |       |       ||    51
         Steam dragon scal |       |       |       |    35 |   219 |   162 |    65 |   467 |   195 ||  1143
  Dodge: Dodged            |    37 |    17 |    98 |   166 |   627 |   530 |   213 |   409 |   189 ||  2286
         Repelled          |       |       |     1 |     4 |     7 |    39 |    16 |    34 |    24 ||   125
  Block: Buckler           |       |       |       |       |       |   233 |    22 |       |       ||   255
         Kite shield       |       |       |       |       |       |       |   242 |   409 |   220 ||   871

Table legend: (Time is in decaauts)
 A = Elapsed time spent in this place.
 B = Non-inter-level travel time spent in this place.
 C = Inter-level travel time spent in this place.
 D = Time resting spent in this place.
 E = Time spent auto-exploring this place.
 F = Levels seen in this place.
 G = Mean time per level.
                   A        B        C        D        E       F      G
               +--------+--------+--------+--------+--------+-----+--------+
         Total |  97915 |  91321 |   6594 |  35028 |  24434 |  49 | 1998.3 |
       Dungeon |  22390 |  20073 |   2317 |   5790 |   9172 |  15 | 1492.7 |
        Temple |     66 |     20 |     46 |      0 |      0 |   1 |   66.0 |
          Lair |  10704 |   9863 |    841 |   3029 |   5011 |   5 | 2140.8 |
         Swamp |   8454 |   8036 |    418 |   3769 |   1636 |   4 | 2113.5 |
     Snake Pit |  11589 |  11134 |    455 |   5132 |   1666 |   4 | 2897.2 |
  Orcish Mines |   2957 |   2815 |    142 |   1022 |    790 |   2 | 1478.5 |
   Elven Halls |   6935 |   6249 |    686 |   1951 |   1187 |   3 | 2311.7 |
        Vaults |  13648 |  12795 |    853 |   5140 |   2460 |   5 | 2729.6 |
         Crypt |    467 |    407 |     60 |     96 |      0 |   1 |  467.0 |
        Depths |   7713 |   7357 |    356 |   3128 |    840 |   4 | 1928.2 |
           Zot |  12988 |  12571 |    417 |   5970 |   1670 |   5 | 2597.6 |
               +--------+--------+--------+--------+--------+-----+--------+

Top non-repeatable levels by time:
 Snake:4: 4136 daAuts
Vaults:5: 3839 daAuts
   Zot:1: 3633 daAuts
   Zot:4: 3448 daAuts
  Lair:2: 3327 daAuts
Vaults:2: 3120 daAuts
 Snake:2: 3069 daAuts
 Snake:3: 2890 daAuts
  Lair:5: 2881 daAuts
    D:15: 2781 daAuts
 Swamp:4: 2696 daAuts
    D:11: 2638 daAuts
   Elf:1: 2630 daAuts
Vaults:3: 2573 daAuts
   Elf:2: 2300 daAuts
